 Dungeon Crawl Stone Soup version 0.29.1-2-gbd0b4ee654 (webtiles) character file.

Game seed: 13651795121975358909

30 xian the Trooper (level 3, -6/31 HPs)
             Began as a Ghoul Fighter on Nov 26, 2022.
             Mangled by a gnoll
             ... wielding a +0 club
              (7 damage)
             ... on level 2 of the Dungeon.
             The game lasted 00:03:07 (1131 turns).

xian the Trooper (Ghoul Fighter)                    Turns: 1131, Time: 00:03:07

Health: -6/31      AC:  6    Str: 21    XL:     3   Next: 20%
Magic:  2/2        EV:  9    Int:  3    God:
Gold:   41         SH:  4    Dex:  8    Spells: 2/2 levels left

rFire   . . .      SeeInvis .     - Unarmed
rCold   + . .      Faith    .   b - +0 buckler
rNeg    + + +      Spirit   .   a - +0 scale mail
rPois   ∞          Reflect  .   (no helmet)
rElec   .          Harm     .   (no cloak)
rCorr   .          Rampage  .   (no gloves)
Will    .....                   (no boots)
Stlth   ..........              (no amulet)
HPRegen 0.00/turn               (no ring)
MPRegen 0.08/turn               (no ring)

@: mighty, inhibited regen
A: claws 1, cold resistance 1, negative energy resistance 3, inhibited
regeneration, torment resistance 2, devour on kill
a: no special abilities


You were on level 2 of the Dungeon.
You visited 1 branch of the dungeon, and saw 2 of its levels.

You collected 41 gold pieces.

Inventory:

Armour
 a - a +0 scale mail (worn)
 b - a +0 buckler (worn)
Scrolls
 d - a scroll of poison {unknown}
 e - 2 scrolls of fear {unknown}
 f - a scroll of summoning {unknown}
 g - a scroll of amnesia {unknown}
 i - a scroll of enchant weapon {unknown}
 j - a scroll of teleportation {unknown}
 k - a scroll of noise {unknown}
 l - a scroll of vulnerability {unknown}
Potions
 c - 2 potions of might
 h - a potion of heal wounds {unknown}
 m - a potion of magic {unknown}
 n - a potion of flight {unknown}
 o - 2 potions of lignification {unknown}


   Skills:
 + Level 3.5 Fighting
 + Level 3.1 Armour
 + Level 0.1 Dodging
 + Level 3.0 Shields
 + Level 2.6 Unarmed Combat


You had 2 spell levels left.
You didn't know any spells.
Your spell library contained the following spells:

 Spells                   Type           Power      Damage    Failure   Level
 Summon Guardian Golem    Hex/Summ       0%         N/A       100%        3
 Airstrike                Air            0%         2d(0-16)  100%        4
 Summon Lightning Spire   Summ/Air       0%         N/A       100%        4
 Lightning Bolt           Conj/Air       0%         1d11      100%        5
 Orb of Destruction       Conj           0%         9d5       100%        7
 Spellforged Servitor     Conj/Summ      0%         N/A       100%        7


Dungeon Overview and Level Annotations

Branches:
Dungeon (2/15)

Altars:


Innate Abilities, Weirdness & Mutations

You are immune to poison.
You have sharp fingernails.
Your flesh is cold resistant. (rC+)
You are immune to negative energy. (rN+++)
You do not regenerate when monsters are visible.
You are immune to unholy pain and torment.
You thrive by killing the living.


Message History

You barely miss the gnoll. The gnoll hits you but does no damage.
The gnoll enters a dispersal trap!
The gnoll blinks! x3
The ball python blinks!
The bat blinks!
You blink.
Unknown command.
You closely miss the ball python.
The ball python bites you but does no damage.
The ball python grabs you. The ball python constricts you.
Unknown command.
You scratch the ball python.
The ball python is heavily wounded.
The ball python bites you but does no damage.
The ball python constricts you.
You claw the ball python!
You kill the ball python!
The bat hits you but does no damage.
Unknown command.
You scratch the bat.
You kill the bat!
You feel better.
You scratch the gnoll.
The gnoll is lightly wounded.
You block the gnoll's attack. x2; The gnoll hits you with a +0 club.
You barely miss the gnoll.
The gnoll is lightly wounded.
You scratch the gnoll.
The gnoll is moderately wounded.
The gnoll misses you. The gnoll hits you but does no damage.
You barely miss the gnoll.
The gnoll is moderately wounded.
You block the gnoll's attack. The gnoll hits you with a +0 club!
* * * LOW HITPOINT WARNING * * *
Okay, then.
You feel very mighty all of a sudden. The gnoll hits you with a +0 club!
* * * LOW HITPOINT WARNING * * *
Unknown command.
You claw the gnoll!
The gnoll is almost dead.
The gnoll hits you with a +0 club!
You die...

#..# #..†###
##g####.#.b.######
K.§...............
.##g§.............
###..§......######
# #.........†g####
# #.....<..##g.gg#
# #........#####g#
# #..####### #@#
..#.## #........
..#.# ..#.#....
g.. .##..# .. ...
#. . . . #... ## .
.. .....


You could see 3 gnolls.

Vanquished Creatures
  3 dart slugs
  3 endoplasms
  A goblin (D:1)
  2 hobgoblins (D:1)
  A quokka (D:1)
  2 ball pythons
  3 bats
  3 frilled lizards
  5 kobolds
  A rat (D:1)
24 creatures vanquished.

Vanquished Creatures (others)
  A plant (D:2)
1 creature vanquished.

Grand Total: 25 creatures vanquished

Notes
Turn   | Place    | Note
-------+----------+-------------------------------------------
     0 | D:1      | xian the Ghoul Fighter began the quest for the Orb.
     0 | D:1      | Reached XP level 1. HP: 19/19 MP: 0/0
   290 | D:1      | Reached XP level 2. HP: 17/26 MP: 1/1
  1036 | D:2      | Reached XP level 3. HP: 31/31 MP: 2/2
  1130 | D:2      | HP: 1/31 [gnoll/+0 club (7)]
  1131 | D:2      | Mangled by a gnoll

Illustrated notes

Levels and vault maps discovered:
D:1:      sevenhm_arrival_forest_fort_large_2, layout_rooms
D:2:      cheibrodos_helix_gallery, layout_rooms,
          shapermc_ecumenical_altar_mp_urbaneastern

Skill      XL: |  1  2 |
---------------+-------+-----
Shields        | 3 |  3.0
Armour         | 3 |  3.1
Fighting       | |  3.5
Dodging        | |  0.1
Unarmed Combat | |  2.6

Action                   || total
-------------------------++-------
Melee: Unarmed           ||    76
  Use: Potion            ||     1
Armor: Scale mail        ||    36
Dodge: Dodged            ||    22
Block: Buckler           ||    14
